Map: [ESL] Inside and Out

Players

Serral - Winner!

  • Race: Zerg Zerg
  • Spawn Location: 7:00

LiquidClem (Clem)

  • Race: Terran Terran
  • Spawn Location: 1:00

Event: HomeStory Cup XXI

VOD

Have the link to the VOD?

Description

Time

  • Played on: July 24, 2022, 6:55 p.m.
  • Length: 18:55

All games in this series

Show
View Real Time Build Order
Export as new Build Order

Serral Zerg - Winner!

Build Orders: Hatch First, Lurkers 

Get SALT Encoding   

  12  0:00  Drone  
  13  0:12  Overlord  
  13  0:19  Drone  
  14  0:31  Drone x2  
  16  0:48  Hatchery  
  15  0:51  Drone  
  15  0:55  Drone  
  17  0:57  Drone  
  18  1:09  Extractor  
  17  1:13  Spawning Pool  
  17  1:16  Drone  
  17  1:19  Drone  
  18  1:27  Drone  
  19  1:38  Drone  
  20  1:49  Drone  
  21  2:00  Queen x2  
  21  2:01  Zergling x4  
  27  2:11  Drone, Overlord  
  28  2:26  Hatchery  
  28  2:28  Drone  
  27  2:34  Spore Crawler  
  27  2:36  Drone  
  27  2:37  Drone x2  
  27  2:39  Metabolic Boost  
  30  2:46  Queen  
  32  2:51  Overlord  
  32  2:53  Drone  
  32  2:55  Drone  
  32  2:58  Drone  
  35  3:03  Overlord  
  35  3:12  Drone x4  
  39  3:16  Queen  
  39  3:18  Drone  
  42  3:20  Drone  
  42  3:25  Queen  
  45  3:29  Drone  
  45  3:30  Drone  
  47  3:38  Overlord  
  47  3:39  Queen  
  49  3:45  Drone x4  
  49  3:47  Drone  
  49  3:48  Drone  
  55  3:54  Overlord  
  55  3:59  Queen  
  57  4:03  Drone x2  
  57  4:04  Drone x2  
  57  4:09  Zergling x4  
  63  4:12  Zergling x2  
  63  4:15  Overlord  
  64  4:19  Overlord  
  65  4:24  Drone  
  65  4:28  Overlord  
  65  4:33  Queen  
  65  4:34  Drone  
  65  4:35  Drone x4  
  72  4:40  Drone  
  72  4:42  Lair, Drone  
  72  4:45  Baneling Nest, Drone  
  74  4:46  Extractor  
  74  4:50  Drone  
  74  4:51  Drone x3  
  77  4:53  Queen  
  77  4:55  Drone  
  77  4:57  Extractor  
  77  4:58  Extractor  
  78  5:00  Zergling x2  
  78  5:03  Overlord  
  78  5:04  Drone  
  80  5:07  Drone  
  80  5:08  Queen  
  80  5:12  Drone  
  84  5:16  Drone  
  84  5:17  Drone x3  
  88  5:22  Zergling x8  
  88  5:23  Hatchery  
  88  5:27  Zergling x10  
  96  5:33  Queen, Evolution Chamber x2  
  96  5:35  Overlord  
  96  5:38  Drone  
  96  5:39  Overlord  
  96  5:41  Centrifugal Hooks  
  97  5:43  Overlord  
  97  5:44  Overlord  
  97  5:46  Overlord  
  97  5:53  Overlord  
  97  5:58  Zerg Melee Weapons Level 1, Extractor  
  97  5:59  Zerg Ground Armor Level 1, Drone x3  
  97  6:00  Drone x2  
  97  6:02  Baneling x4  
  97  6:03  Baneling  
  101  6:05  Drone x2  
  101  6:07  Drone x2  
  101  6:09  Drone x2  
  107  6:14  Drone x2  
  107  6:15  Drone  
  107  6:17  Zergling x2  
  111  6:19  Baneling x3  
  111  6:21  Zergling x10  
  111  6:25  Zergling x6  
  119  6:28  Hydralisk Den, Overlord  
  118  6:35  Zergling x6  
  118  6:39  Zergling x2  
  122  6:41  Queen  
  122  6:44  Drone x4  
  128  6:47  Drone x2  
  130  6:56  Drone  
  130  7:00  Zergling x14  
  136  7:05  Zergling x2, Baneling x5  
  136  7:06  Zergling x4  
  139  7:09  Hatchery  
  139  7:11  Zergling x2  
  139  7:13  Muscular Augments  
  139  7:14  Overlord  
  139  7:17  Zergling x4  
  142  7:22  Zergling x2  
  142  7:23  Zergling x6  
  142  7:25  Baneling x3  
  142  7:26  Zergling x14  
  142  7:29  Overlord  
  150  7:34  Baneling x8  
  150  7:37  Zergling x6  
  150  7:40  Overlord x2  
  153  7:45  Zergling x2  
  154  7:52  Overlord x2  
  154  7:57  Zerg Melee Weapons Level 2  
  154  7:58  Zerg Ground Armor Level 2, Hydralisk x8  
  153  8:01  Overlord  
  167  8:07  Hydralisk  
  167  8:08  Zergling x8  
  170  8:16  Zergling x8  
  171  8:23  Baneling x7  
  171  8:24  Baneling x4  
  171  8:25  Grooved Spines, Queen  
  173  8:27  Zergling x20  
  173  8:28  Zergling x6  
  187  8:34  Drone, Infestation Pit, Extractor  
  187  8:36  Baneling x3  
  187  8:37  Drone x2  
  187  8:38  Drone  
  187  8:41  Zergling x2  
  189  8:44  Zergling x6  
  187  8:56  Zergling x24  
  187  8:59  Baneling x8  
  197  9:13  Zergling x4  
  197  9:15  Baneling x6  
  198  9:22  Hive  
  180  9:24  Zergling x26  
  180  9:30  Zergling x2  
  177  9:36  Extractor  
  177  9:37  Extractor  
  175  9:38  Lurker Den  
  175  9:41  Drone x3  
  175  9:45  Drone x2  
  179  9:48  Drone  
  179  9:50  Zergling x8  
  179  9:51  Baneling x7  
  183  9:57  Zergling x26  
  190  10:02  Baneling x6  
  190  10:03  Zergling x8  
  190  10:04  Zergling x2  
  195  10:10  Zergling x8  
  199  10:20  Hatchery  
  192  10:28  Zergling x30  
  200  10:32  Zergling x6  
  200  10:33  Zergling x4  
  194  10:38  Zerg Missile Weapons Level 1, Zerg Ground Armor Level 3  
  194  10:39  Seismic Spines  
  193  10:47  Lurker  
  193  10:48  Lurker x5  
  197  10:55  Extractor x2, Spore Crawler  
  197  10:56  Drone x3, Spore Crawler  
  193  10:57  Drone x3  
  193  11:02  Baneling x14  
  193  11:05  Zergling x18  
  174  11:14  Zergling x26  
  173  11:23  Viper, Lurker x3  
  177  11:27  Zergling x30  
  182  11:35  Hydralisk x2  
  182  11:36  Zergling x10, Adaptive Talons  
  190  11:41  Baneling x6  
  181  11:48  Zergling x16  
  181  11:52  Baneling x5  
  180  11:59  Hydralisk x2  
  180  12:00  Zergling x12  
  187  12:06  Hydralisk x2  
  189  12:10  Hydralisk x4  
  193  12:16  Hydralisk x2  
  193  12:22  Hydralisk x6  
  198  12:29  Lurker x3  
  178  12:41  Zergling x18  
  170  12:51  Zergling x6  
  152  12:53  Zergling x6  
  144  12:58  Zergling x2  
  144  13:02  Zergling x4  
  133  13:06  Hydralisk  
  133  13:09  Lurker  
  133  13:10  Lurker x6  
  139  13:16  Hydralisk x4  
  141  13:26  Zergling x2  
  141  13:27  Zergling x6  
  140  13:39  Zergling x8  
  140  13:40  Hatchery  
  143  13:45  Hydralisk  
  142  13:53  Hatchery  
  130  14:03  Hydralisk  
  130  14:04  Hydralisk x4  
  139  14:10  Hydralisk x3  
  144  14:21  Hydralisk x3  
  141  14:26  Hydralisk  
  128  14:37  Hydralisk x3  
  122  14:41  Hydralisk  
  116  14:45  Hydralisk x2  
  116  14:50  Hydralisk  
  120  14:53  Hydralisk  
  120  15:00  Lurker  
  120  15:01  Lurker x4  
  120  15:02  Zergling x2  
  120  15:04  Hydralisk  
  128  15:08  Hydralisk  
  128  15:11  Lurker  
  131  15:19  Hydralisk x4  
  138  15:24  Zergling x6  
  141  15:29  Hydralisk  
  141  15:31  Hydralisk  
  145  15:37  Hydralisk x2  
  149  15:48  Lurker x5  
  146  15:50  Zergling x6  
  147  15:57  Zergling x4  
  147  16:01  Zergling x2  
  149  16:07  Drone x5  
  149  16:10  Zergling x6  
  157  16:15  Zergling x2  
  158  16:18  Zerg Missile Weapons Level 2  
  158  16:21  Zergling x6  
  158  16:25  Zergling x2  
  156  16:45  Zergling x18  
  152  16:55  Lurker x2  
  152  16:56  Lurker x7  
  152  16:58  Zergling x4  
  152  16:59  Zergling x8  
  159  17:08  Zergling x12  
  134  17:18  Zergling x6  
  130  17:24  Zergling x2  
  130  17:25  Queen x4, Zergling x6  
  130  17:29  Hydralisk  
  143  17:35  Hydralisk x2  
  143  17:36  Overseer  
  147  17:40  Hydralisk x2  
  151  17:47  Viper, Lurker  
  151  17:48  Viper  
  155  17:55  Hatchery  
  155  17:56  Zergling x10  
  145  18:10  Hydralisk x4  
  146  18:25  Hydralisk x4  
  146  18:26  Hydralisk  
Show
View Real Time Build Order
Export as new Build Order

LiquidClem Terran 

Build Orders: Reaper Expand 

Get SALT Encoding   

  12  0:00  SCV  
  13  0:12  SCV  
  14  0:16  Supply Depot  
  14  0:24  SCV  
  15  0:38  SCV  
  15  0:39  Barracks  
  15  0:42  Refinery  
  16  0:50  SCV  
  17  1:02  SCV  
  18  1:14  SCV  
  19  1:26  Reaper, Orbital Command  
  20  1:39  Command Center  
  20  1:47  Supply Depot  
  20  1:52  SCV  
  21  1:58  Marine  
  22  2:04  SCV  
  23  2:09  Factory  
  23  2:16  SCV  
  23  2:19  Barracks Reactor  
  24  2:28  SCV  
  25  2:41  SCV, Command Center  
  26  2:51  Orbital Command  
  26  2:53  SCV  
  27  2:58  Barracks  
  27  3:05  SCV  
  28  3:06  Hellion  
  28  3:10  Hellion  
  28  3:11  Barracks Tech Lab  
  32  3:16  SCV  
  32  3:17  SCV  
  34  3:20  Refinery  
  34  3:28  SCV  
  34  3:29  Stimpack, SCV  
  34  3:30  Marine  
  34  3:33  Hellion  
  39  3:36  Hellion  
  39  3:40  SCV  
  42  3:45  SCV  
  43  3:49  Starport  
  43  3:51  Marine  
  43  3:52  SCV  
  45  3:57  Orbital Command, SCV  
  45  4:02  Marine x2  
  46  4:04  SCV  
  46  4:08  Marine  
  46  4:09  SCV  
  51  4:10  Factory Reactor  
  51  4:17  Supply Depot, SCV  
  52  4:20  Marine x2  
  52  4:21  SCV  
  52  4:23  SCV  
  56  4:26  Marine  
  58  4:31  SCV  
  58  4:33  SCV  
  58  4:38  Marine x2  
  59  4:40  Orbital Command  
  59  4:41  Refinery  
  59  4:43  Supply Depot, SCV  
  59  4:44  Marine  
  63  4:49  SCV, Medivac x2  
  63  4:50  Engineering Bay x2  
  63  4:52  Factory Tech Lab  
  68  4:53  Refinery  
  68  4:55  SCV  
  68  4:56  Barracks  
  69  5:04  Marine x3  
  69  5:05  Supply Depot, SCV  
  69  5:06  SCV  
  74  5:08  SCV  
  74  5:13  Combat Shield  
  75  5:18  Terran Infantry Weapons Level 1, SCV x2  
  77  5:23  Supply Depot x2  
  77  5:26  Marine x3, SCV  
  81  5:30  SCV  
  81  5:31  Supply Depot  
  81  5:32  Siege Tank  
  85  5:39  Supply Depot  
  85  5:44  Marine x3, Barracks  
  85  5:45  Barracks Reactor, SCV  
  85  5:48  SCV x2, Barracks  
  91  5:55  Terran Infantry Armor Level 1  
  91  5:57  SCV  
  91  5:59  Armory  
  91  6:00  Supply Depot  
  91  6:02  Marine, Refinery  
  91  6:03  SCV  
  95  6:04  SCV  
  95  6:06  Siege Tank  
  95  6:07  Marine  
  95  6:09  SCV  
  100  6:14  Medivac  
  100  6:15  SCV  
  100  6:17  Marine  
  100  6:18  SCV  
  105  6:20  Marine  
  105  6:22  SCV  
  105  6:23  Marine, Medivac  
  105  6:24  Supply Depot  
  110  6:25  Marine x2  
  110  6:28  SCV  
  110  6:31  Bunker  
  114  6:32  SCV  
  114  6:34  SCV  
  114  6:35  Barracks Reactor x2  
  114  6:37  Marine, Supply Depot  
  116  6:42  Supply Depot  
  116  6:43  Siege Tank  
  116  6:45  SCV  
  120  6:51  Factory  
  120  6:53  Marine  
  121  6:55  Marine  
  121  6:57  Marine  
  121  6:59  Medivac  
  121  7:01  Marine x2  
  126  7:03  Supply Depot  
  127  7:10  Command Center  
  127  7:15  Marine, Supply Depot x2  
  127  7:18  Marine x3  
  127  7:22  Terran Infantry Weapons Level 2  
  131  7:25  Marine x3  
  131  7:27  Marine  
  134  7:30  Siege Tank  
  134  7:33  Marine x2  
  134  7:36  Terran Vehicle Weapons Level 1  
  139  7:37  Factory Tech Lab  
  139  7:38  Marine x2  
  139  7:39  Marine  
  139  7:43  Marine x2  
  144  7:46  Supply Depot, SCV  
  144  7:47  Refinery  
  145  7:51  Terran Infantry Armor Level 2  
  145  7:53  Marine, Sensor Tower  
  145  7:55  Medivac  
  145  7:58  Marine x2, SCV  
  149  8:01  Marine x3  
  149  8:02  Marine  
  155  8:07  Siege Tank  
  155  8:11  Siege Tank  
  152  8:21  Supply Depot x2  
  152  8:22  Supply Depot  
  152  8:24  Marine x2  
  154  8:28  SCV  
  154  8:29  Marine x3  
  154  8:31  Supply Depot  
  154  8:32  Medivac  
  160  8:35  Medivac  
  160  8:38  Marine, SCV  
  160  8:39  Siege Tank  
  167  8:42  Marine  
  168  8:49  Barracks x2  
  168  8:50  Barracks  
  168  8:54  Siege Tank  
  171  8:56  Marine x2  
  77  9:02  Medivac  
  170  9:04  Marine  
  170  9:05  Marine x3  
  168  9:11  Siege Tank  
  168  9:12  SCV  
  168  9:14  Planetary Fortress  
  157  9:26  Siege Tank  
  157  9:28  Marine  
  157  9:29  Marine  
  157  9:30  Medivac  
  140  9:32  Marine x2  
  140  9:33  Marauder  
  140  9:34  Marine x2  
  140  9:35  SCV  
  147  9:39  Marine x2, SCV  
  147  9:40  SCV  
  147  9:43  Barracks Tech Lab x2, Siege Tank  
  147  9:44  Marine  
  155  9:49  Marine, Medivac  
  155  9:51  Marine  
  155  9:52  Marine x3, SCV  
  161  9:54  Marauder  
  161  9:57  Marine x3  
  161  9:59  Terran Vehicle Weapons Level 2  
  165  10:02  Marine, SCV x2  
  165  10:03  SCV  
  169  10:07  Siege Tank  
  169  10:12  Marine, Marauder x2  
  177  10:14  Marine x4  
  177  10:15  Marine  
  177  10:16  Marine, Marauder  
  177  10:17  Marine  
  186  10:26  Supply Depot  
  186  10:27  Supply Depot  
  185  10:30  Marine, Siege Tank  
  185  10:31  Marine  
  178  10:43  Command Center  
  178  10:49  Marine x2, Supply Depot, Siege Tank  
  187  10:50  Marauder x2  
  187  10:53  Marauder  
  187  10:55  Marine  
  187  11:00  Marine  
  187  11:01  Marine  
  189  11:05  Marine x2  
  189  11:07  Marine  
  189  11:08  Marine  
  189  11:10  Marine x2, Siege Tank  
  193  11:11  Marauder x2  
  189  11:26  Supply Depot  
  186  11:36  Supply Depot  
  177  11:48  Marine x4, Marauder  
  181  11:55  Siege Tank x2, Marauder  
  189  12:03  Medivac  
  189  12:06  Marauder  
  189  12:08  Marine x2  
  195  12:09  Marauder  
  195  12:11  Marine  
  195  12:13  Marine x3  
  200  12:19  Marine  
  200  12:22  Marine x2  
  196  12:37  Orbital Command  
  173  12:52  Marine  
  173  12:53  Marine x2  
  173  12:54  Marine x6  
  173  12:55  Marine x2  
  173  12:57  Marine  
  163  12:59  Medivac  
  164  13:12  Supply Depot x2  
  163  13:19  Marine x3  
  156  13:20  Marine x2, Planetary Fortress  
  156  13:22  Marine x5  
  156  13:24  Marine  
  154  13:31  Marine  
  154  13:33  Siege Tank  
  158  13:37  Marine x2  
  158  13:38  Marine x2, Marauder  
  158  13:39  Marine  
  158  13:40  Marine x4  
  169  13:43  Marine  
  170  13:49  Marine  
  170  13:54  Ghost Academy  
  165  13:57  Marauder x2  
  165  13:58  Medivac  
  166  14:05  Siege Tank  
  169  14:10  Marauder  
  169  14:11  Barracks Tech Lab  
  169  14:12  Supply Depot  
  169  14:13  Supply Depot  
  169  14:17  Marine  
  167  14:18  Marauder x2  
  168  14:25  Marine  
  168  14:28  Supply Depot  
  168  14:29  Marine x2  
  168  14:30  Marine x2  
  165  14:31  Marauder  
  165  14:37  Siege Tank  
  159  14:41  Medivac  
  144  14:49  Marauder x3  
  148  14:56  Medivac  
  148  14:57  Marine, Marauder  
  144  15:03  SCV  
  144  15:04  Refinery, Command Center  
  144  15:06  Marine  
  146  15:10  Marine x2, Siege Tank, Marauder  
  146  15:13  Ghost Academy  
  150  15:18  Marauder x2  
  150  15:19  Marauder  
  152  15:21  Marine  
  152  15:23  Marine  
  152  15:24  Marine  
  152  15:26  Marine  
  156  15:32  Marauder  
  157  15:39  Marauder  
  157  15:40  SCV x2  
  157  15:41  Marine, SCV  
  157  15:42  Siege Tank  
  165  15:45  Marauder  
  162  15:50  Ghost  
  162  15:52  Ghost  
  162  15:56  Medivac  
  160  16:04  Refinery  
  160  16:08  Ghost x2  
  160  16:09  Refinery  
  164  16:14  Siege Tank  
  167  16:19  Ghost  
  169  16:29  Ghost  
  171  16:39  SCV x2  
  158  16:41  SCV  
  158  16:42  SCV  
  158  16:46  Siege Tank  
  141  16:51  SCV x2, Ghost  
  142  16:59  Medivac x2  
  132  17:10  Marine  
  132  17:12  Marine x2  
  132  17:14  Marine  
  124  17:17  Ghost  
  124  17:18  Siege Tank  
  119  17:27  SCV  
  116  17:33  SCV x3  
  119  17:38  Ghost  
  119  17:39  SCV  
  119  17:41  Medivac  
  123  17:45  SCV x2  
  123  17:49  SCV  
  123  17:50  Siege Tank  
  128  17:57  Ghost  
  130  17:59  Marine  
  130  18:03  Marine x2  
  129  18:12  Marine  
  123  18:21  Marine  
  123  18:22  Marine, Siege Tank  
  123  18:25  Marine  
  128  18:27  Marine  
  128  18:29  Marine  
Tags
 
Add a new tag
Caveats
  • Supply blocks, unpowered buildings, or Contaminate may cause inaccurate times.
  • Supply counts are checked every 10 seconds.